 Dungeon Crawl Stone Soup version 0.25.0-26-g0c896c7088 (webtiles) character file.

Game seed: 10848952040548564823

770 simples the Conjurer (level 7, 0/50 HPs)
             Began as a Grey Draconian Conjurer on July 2, 2020.
             Was an Initiate of Vehumet.
             Killed by nerve-wracking pain
             ... invoked by Menkaure
              (8 damage)
             ... on level 4 of the Dungeon.
             The game lasted 00:10:03 (5695 turns).

simples the Conjurer (Grey Draconian Conjurer)      Turns: 5695, Time: 00:10:03

Health: 0/50       AC: 12    Str: 11    XL:     7   Next: 52%
Magic:  14/14      EV: 14    Int: 17    God:    Vehumet [......]
Gold:   282        SH:  0    Dex: 11    Spells: 12/15 levels left

rFire    . . .     SeeInvis .   (no weapon)
rCold    . . .     Gourm    .   (no shield)
rNeg     . . .     Faith    .   (armour unavailable)
rPois    .         Spirit   .   j - +0 hat
rElec    .         Reflect  .   (no cloak)
rCorr    .         Harm     .   p - +0 pair of gloves
MR       .....                  (no boots)
Stlth    ++........             (no amulet)
HPRegen  0.16/turn              (no ring)
MPRegen  0.14/turn              (no ring)

@: no status effects
A: walk through water, unfitting armour, unbreathing, cold-blooded, AC +11
a: Renounce Religion


You were on level 4 of the Dungeon.
You worshipped Vehumet.
Vehumet was noncommittal.
You were very hungry.

You visited 2 branches of the dungeon, and saw 6 of its levels.

You collected 282 gold pieces.

Inventory:

Armour
 j - a +0 hat (worn)
 p - a +0 pair of gloves (worn)
Jewellery
 q - an uncursed ring of flight {unknown}
Wands
 t - a wand of clouds (4)
Scrolls
 a - 2 scrolls of amnesia {unknown}
 c - 2 scrolls of identify {unknown}
 d - 2 scrolls of teleportation {unknown}
 f - a scroll of remove curse {unknown}
 g - a scroll of fog {unknown}
 k - a scroll of immolation {unknown}
 m - a scroll of noise {unknown}
 o - 5 scrolls of magic mapping {unknown}
 r - a scroll of enchant armour {unknown}
Potions
 e - 4 potions of lignification {unknown}
 h - 2 potions of cancellation {unknown}
 i - a potion of resistance {unknown}
 l - a potion of haste {unknown}
 n - 2 potions of curing
Comestibles
 b - 3 rations


   Skills:
 + Level 4.7 Dodging
 - Level 1.7 Stealth
 + Level 4.8 Spellcasting
 + Level 6.3 Conjurations


You had 12 spell levels left.
You knew the following spells:

 Your Spells              Type           Power        Failure   Level  Hunger
a - Magic Dart            Conj           ####         1%          1    None
b - Searing Ray           Conj           ####..       1%          2    #......

Your spell library contained the following spells:

 Spells                   Type           Power        Failure   Level  Hunger
 Dazzling Flash           Conj/Hex       ##....       12%         3    ###....
 Fulminant Prism          Conj/Hex       ##........   36%         4    ####...
 Iskenderun's Mystic Bla  Conj/Tloc      ##......     36%         4    ####...


Dungeon Overview and Level Annotations

Branches:
Dungeon (5/15)             Temple (1/1) D:4

Altars:
Cheibriados
Dithmenos
Elyvilon
Fedhas
Gozag
Hepliaklqana
Kikubaaqudgha
Makhleb
Okawaru
Ru
Sif Muna
Trog
Uskayaw
Vehumet
Wu Jian
Xom
Yredelemnul
Zin
The Shining One

Annotations:
D:4 1 exclusion, Menkaure


Innate Abilities, Weirdness & Mutations

You can walk through water.
Your dull iron-grey scales are very hard. (AC +11)
You cannot fit into any form of body armour.
You can survive without breathing.
You are cold-blooded and may be slowed by cold attacks.


Message History

There is a stone staircase leading down, spattered with blood here.
You start resting.
Menkaure is too close now for your liking.
Menkaure is nearby!
There is a stone staircase leading down, spattered with blood here.
Menkaure mumbles some strange words.
Menkaure seems to speed up.
Menkaure calls on the powers of darkness!
Your body is wracked with pain!
You are feeling very hungry.
Menkaure gestures at you while chanting.
Pain shoots through your body!
* * * LOW HITPOINT WARNING * * *
Menkaure gestures at you while chanting.
Pain shoots through your body!
* * * LOW HITPOINT WARNING * * *
Okay, then.
Menkaure casts a spell at you. Pain shoots through your body!
You die...

..# #.# #.........######.... #.#
###.######..<##)..##....### ..##
##.....#.....)........#####.
...###..............).....## ###.
...##......................###...
#..##....)[........(.........#...
...##............................
#..........(......).#...#........
............>...@...#####....>...
....................# #........
..#####.....#.....#.## #........
#######..########.#..####........
....##...# #.(.............#
##.......# #####M###.#.........#
#......#####.....##.....#....###
###........M...#.##.......#####.
#..[.#.....#..........### #.


You could see Menkaure (fast).

Vanquished Creatures
  A phantom (D:4)
  An ogre (D:4)
  A big kobold (D:4)
  A crimson imp (D:3)
  A hound (D:4)
  A gnoll shaman (D:3)
  A jelly (D:3)
  A centaur skeleton (D:4)
  An iguana (D:4)
  Jessica (D:2)
  2 worker ants
  A hound skeleton (D:4)
  9 adders
  7 gnolls
  An ooze (D:1)
  3 worms
  A dart slug (D:2)
  A leopard gecko (D:1)
  6 orcs
  6 bats
  2 giant cockroaches
  9 goblins
  8 hobgoblins
  3 jackals
  3 quokkas
  2 ball pythons
  8 frilled lizards
  13 kobolds
  9 rats
104 creatures vanquished.

Notes
Turn   | Place    | Note
-------+----------+-------------------------------------------
     0 | D:1      | simples the Draconian Conjurer began the quest for the Orb.
     0 | D:1      | Reached XP level 1. HP: 14/14 MP: 3/3
   360 | D:1      | Reached XP level 2. HP: 17/20 MP: 1/5
  1082 | D:2      | Reached XP level 3. HP: 19/26 MP: 0/6
  1221 | D:2      | Learned a level 2 spell: Searing Ray
  1530 | D:2      | Found an ornate altar of the Wu Jian Council.
  1637 | D:2      | Reached XP level 4. HP: 23/33 MP: 2/8
  2103 | D:2      | Noticed Jessica
  2107 | D:2      | Killed Jessica
  2534 | D:3      | Reached XP level 5. HP: 38/38 MP: 1/9
  2862 | D:3      | Reached skill level 5 in Conjurations
  3121 | D:3      | Found an opulent altar of Gozag.
  3770 | D:3      | Reached XP level 6. HP: 45/45 MP: 8/11
  4458 | D:4      | Found a staircase to the Ecumenical Temple.
  4472 | Temple   | Entered the Ecumenical Temple
  4706 | Temple   | Became a worshipper of Vehumet
  4811 | D:4      | Noticed Menkaure
  4900 | D:4      | Reached skill level 6 in Conjurations
  4900 | D:4      | Your scales start taking on a dull iron-grey colour.
  4900 | D:4      | Reached XP level 7. HP: 48/50 MP: 0/13
  4900 | D:4      | Gained mutation: You can survive without breathing. [Grey
                  | Draconian growth]
  5507 | D:5      | Entered Level 5 of the Dungeon
  5695 | D:4      | Killed from afar by Menkaure

Illustrated notes

Levels and vault maps discovered:
D:1:      dpeg_arrival_arbitrary_c, layout_loops_cross, minmay_tromino_v7
D:2:      layout_rooms, overflow_temple_1_default, uniq_jessica
D:3:      layout_loops_cross, nicolae_gozag_cash_rules_everything_around_me
D:4:      layout_rooms, minmay_temple_entry_grid, minmay_unequal, uniq_menkaure
D:5:      layout_rooms, ashenzari_altar_1, first_ration, zaba_anthole,
          roderic_serpentine_path, lexackson_kobold_supper
Temple:   eino_narrow_crystal_temple

Skill      XL: |  1  2  3  4  5  6 |
---------------+-------------------+-----
Dodging        | 2 3 4 |  4.7
Spellcasting   | 3 4 |  4.8
Conjurations   | 5 6 |  6.3
Stealth        | |  1.7

Action                   |  1- 3 |  4- 6 |  7- 9 || total
-------------------------+-------+-------+-------++-------
Melee: Unarmed           |    18 |     5 |    51 ||    74
       Tailslap          |     5 |       |     4 ||     9
 Cast: Magic Dart        |    41 |     1 |     1 ||    43
       Searing Ray       |     7 |    50 |    14 ||    71
  Eat: Chunk             |     3 |    12 |     2 ||    17
Armor: Skin              |     6 |    16 |    39 ||    61
Dodge: Dodged            |    26 |    49 |    64 ||   139
